 Dungeon Crawl Stone Soup version 0.24-a0-203-gf0bc1e94ae (webtiles) character file.

Game seed: 9808023520926886885

350 Minion the Grave Robber (level 6, 0/41 HPs)
             Began as a Mummy Necromancer on Mar 27, 2019.
             Slain by a centaur (5 damage)
             ... on level 6 of the Dungeon.
             The game lasted 00:21:10 (5457 turns).

Minion the Grave Robber (Mummy Necromancer)         Turns: 5457, Time: 00:21:11

Health: 0/41       AC:  4    Str: 12    XL:     6   Next: 34%
Magic:  11/14      EV: 13    Int: 16    God:
Gold:   224        SH:  0    Dex: 14    Spells: 10/16 levels left

rFire    x . .     SeeInvis .   d - staff of death
rCold    + + .     Gourm    .   (no shield)
rNeg     + + +     Faith    .   a - +0 robe
rPois    ∞         Spirit   .   (no helmet)
rElec    .         Reflect  .   (no cloak)
rCorr    .         Harm     .   h - +1 pair of gloves
MR       .....                  (no boots)
Stlth    ++........             (no amulet)
HPRegen  0.13/turn              c - ring of protection from cold
MPRegen  0.14/turn              k - +2 ring of dexterity

@: no status effects
A: no food or potions, fire vulnerability, cold resistance 1, negative energy
resistance 3, torment resistance, unbreathing
a: no special abilities


You were on level 6 of the Dungeon.
You were not hungry.

You visited 1 branch of the dungeon, and saw 6 of its levels.

You collected 224 gold pieces.

Inventory:

Armour
 a - a +0 robe (worn)
 h - a +1 pair of gloves (worn)
Magical Staves
 d - an uncursed staff of death (weapon)
 i - an uncursed staff of power
Jewellery
 c - a ring of protection from cold (left hand)
 k - a +2 ring of dexterity (right hand)
Scrolls
 b - 2 scrolls of teleportation
 f - 2 scrolls of noise
 g - 3 scrolls of identify
 j - 2 scrolls of magic mapping
 m - a scroll of enchant armour
 n - a scroll of remove curse


   Skills:
 + Level 2.6 Dodging
 - Level 1.5 Stealth
 + Level 5.7 Spellcasting
 + Level 5.8 Necromancy


You had 10 spell levels left.
You knew the following spells:

 Your Spells              Type           Power        Failure   Level  Hunger
a - Pain                  Necr           ####         1%          1    N/A
b - Animate Skeleton      Necr           N/A          1%          1    N/A
c - Animate Dead          Necr           N/A          13%         4    N/A

Your spell library contained the following spells:

 Spells                   Type           Power        Failure   Level  Hunger
 Vampiric Draining        Necr           ####......   3%          3    N/A
 Regeneration             Chrm/Necr      Unusable     N/A         3    N/A

Dungeon Overview and Level Annotations

Branches:
Dungeon (6/15)
 Temple: D:4-7

Altars:
Nemelex Xobeh
Wu Jian
The Shining One

Shops:
D:5 [

Annotations:
D:5 Menkaure


Innate Abilities, Weirdness & Mutations

You do not eat or drink.
Your flesh is vulnerable to fire.
You are immune to poison.
Your flesh is cold resistant. (rC+)
You are immune to negative energy. (rN+++)
You are immune to unholy pain and torment.
You can survive without breathing.


Message History

You swap places.
The centaur shoots an arrow.
The arrow hits your leopard gecko zombie!
Your leopard gecko zombie is destroyed!
Casting: Pain (safe; 1% risk of failure)
Confirm with . or Enter, or press ? or * to list all spells.
Aiming: Pain (safe; 1% risk of failure)
Press: ? - help, Shift-Dir - straight line, f/p - centaur
Aim: a centaur, wielding a +0 shortbow (chance to defeat MR: 84%)
You feel a surge of power!
The centaur writhes in agony.
Casting: Pain (safe; 1% risk of failure)
Confirm with . or Enter, or press ? or * to list all spells.
Aiming: Pain (safe; 1% risk of failure)
Press: ? - help, Shift-Dir - straight line, f/p - centaur
Aim: a centaur, wielding a +0 shortbow (lightly wounded, chance to defeat MR: 84%)
You feel a surge of power!
The centaur writhes in agony.
The centaur shoots an arrow.
The arrow hits you!
The centaur shoots an arrow.
The arrow hits you!
* * * LOW HITPOINT WARNING * * *
The centaur unwields a +0 shortbow.
The centaur hits you.
You die...

#.# #.# #.###### #
#......# .#. #......#
...% #......# .....
##......# ......#######
##.......#
......c@(...###........#
##......Z..............#
#.............#########
#.............#
#.............#
#.............#
#.............#########
#............).........
............#....###


You could see a centaur and a friendly leopard gecko zombie.

Vanquished Creatures
  2 hounds (D:4)
  2 orc priests (D:4)
  A worker ant (D:2)
  6 adders
  An ooze (D:2)
  4 worms
  5 leopard geckos
  16 orcs
  5 ball pythons
  6 bats
  2 giant cockroaches
  6 goblins
  6 hobgoblins
  A jackal (D:3)
  6 kobolds
  3 quokkas
  3 frilled lizards
  8 rats
83 creatures vanquished.

Vanquished Creatures (collateral kills)
  A bullfrog skeleton (D:4)
  A hound zombie (D:6)
  An adder (D:2)
  An orc (D:3)
  3 jackals (D:3)
  A frilled lizard (D:3)
8 creatures vanquished.

Grand Total: 91 creatures vanquished

Notes
Turn   | Place    | Note
-------+----------+-------------------------------------------
     0 | D:1      | Minion the Mummy Necromancer began the quest for the Orb.
     0 | D:1      | Reached XP level 1. HP: 13/13 MP: 4/4
    33 | D:1      | Learned a level 1 spell: Animate Skeleton
   246 | D:1      | Reached XP level 2. HP: 19/19 MP: 4/6
  1032 | D:1      | Reached XP level 3. HP: 15/24 MP: 0/8
  1451 | D:2      | Reached XP level 4. HP: 26/30 MP: 6/10
  1488 | D:2      | Learned a level 4 spell: Animate Dead
  1892 | D:2      | Reached skill level 5 in Necromancy
  2155 | D:2      | Found a glowing golden altar of the Shining One.
  2156 | D:2      | Found an ornate altar of the Wu Jian Council.
  2359 | D:3      | Found a faded altar of an unknown god.
  3138 | D:3      | Reached XP level 5. HP: 32/35 MP: 6/12
  3742 | D:4      | Reached skill level 5 in Spellcasting
  4520 | D:5      | Entered Level 5 of the Dungeon
  4548 | D:5      | Noticed Menkaure
  4839 | D:4      | Reached XP level 6. HP: 41/41 MP: 10/14
  5034 | D:4      | Found Zemut's Book Emporium.
  5131 | D:5      | Found a sparkling altar of Nemelex Xobeh.
  5158 | D:5      | Found Gian's Armour Boutique.
  5457 | D:6      | Slain by a centaur

Levels and vault maps discovered:
D:1:      dpeg_arrival_ratfight, layout_basic
D:2:      layout_basic, gammafunk_temple_overflow_statue
D:3:      cheibrodos_helix_gallery, layout_basic,
          chequers_ecumenical_altar_island
D:4:      layout_loops_ring, serial_shops, nicolae_shop_crystal
D:5:      layout_loops_ring, nemelex_xobeh_ov_fountains_minmay, serial_shops,
          nicolae_shop_behind_doors, first_ration, item_on_display_a,
          uniq_menkaure
D:6:      layout_basic, marbit_many_paths, chequers_serial_rivers_micro_b

Skill      XL: |  1  2  3  4  5 |
---------------+----------------+-----
Spellcasting   | 3 4 5 |  5.7
Necromancy     | 5 |  5.8
Dodging        | 2 |  2.6
Stealth        | |  1.5

Action                   |  1- 3 |  4- 6 || total
-------------------------+-------+-------++-------
Melee: Unarmed           |     8 |       ||     8
       Staff             |       |    33 ||    33
 Cast: Pain              |    55 |   158 ||   213
       Animate Skeleton  |    12 |     1 ||    13
       Animate Dead      |       |    27 ||    27
  Use: Scroll            |       |    11 ||    11
Armor: Robe              |     8 |    16 ||    24
Dodge: Dodged            |    26 |    66 ||    92

Table legend:
 A = Non-vault XP
 B = Vault XP
 C = Vault XP percentage of total XP
 D = Non-vault monster count
 E = Vault monster count
 F = Vault count percentage of total count
                 A         B        C        D         E       F
            +---------+---------+-------+---------+---------+-------
      Total |     494 |       7 |   1.4 |      84 |       7 |   7.7
            +---------+---------+-------+---------+---------+-------
        D:1 |      35 |       5 |  12.5 |      14 |       5 |  26.3
        D:2 |      94 |       0 |   0.0 |      18 |       0 |   0.0
        D:3 |      71 |       2 |   2.7 |      27 |       2 |   6.9
        D:4 |     270 |       0 |   0.0 |      21 |       0 |   0.0
        D:5 |       3 |       0 |   0.0 |       1 |       0 |   0.0
        D:6 |      21 |       0 |   0.0 |       3 |       0 |   0.0
            +---------+---------+-------+---------+---------+-------
